 Dungeon Crawl Stone Soup version 0.20.1-1-g8b1a95d (webtiles) character file.

86 Jazqa the Shield-Bearer (level 4, -8/29 HPs)
             Began as a Gargoyle Fighter on Oct 23, 2017.
             Mangled by bmj180's ghost (11 damage)
             ... on level 3 of the Dungeon.
             The game lasted 00:03:45 (1597 turns).

Jazqa the Shield-Bearer (Gargoyle Fighter)          Turns: 1597, Time: 00:03:46

Health: -8/29      AC: 10    Str: 24    XL:     4   Next: 50%
Magic:  13/13      EV:  9    Int:  9    God:
Gold:   90         SH:  6    Dex: 10    Spells: 3/3 levels left

rFire    . . .     SeeInvis .   a - +0 flail
rCold    . . .     Gourm    .   n - +2 buckler
rNeg     + . .     Faith    .   b - +0 scale mail
rPois    ∞         Spirit   .   (no helmet)
rElec    +         Reflect  .   (no cloak)
rCorr    .         Harm     .   (no gloves)
MR       .....                  (no boots)
Stlth    ..........             (no amulet)
Regen    0.1/turn               W - ring of magical power
MPRegen  0.2/turn               (no ring)

@: mighty
A: negative energy resistance 1, electricity resistance, unbreathing,
petrification resistance, rot immunity, AC +3
a: no special abilities


You were on level 3 of the Dungeon.
You were not hungry.

You visited 1 branch of the dungeon, and saw 3 of its levels.

You collected 90 gold pieces.


Innate Abilities, Weirdness & Mutations

You are resistant to torment.
Your stone body is resilient. (AC +3)
You are immune to poison.
You resist negative energy. (rN+)
You are resistant to electric shocks. (rElec)
You can survive without breathing.
You are immune to petrification.
You are immune to rotting.


   Skills:
 + Level 4.0 Fighting
 - Level 2.0 Maces & Flails
 + Level 4.2 Armour
 - Level 4.3 Shields


You had 3 spell levels left.
You didn't know any spells.

Inventory:

Hand Weapons
 a - a +0 flail (weapon)
Armour
 b - a +0 scale mail (worn)
 n - a +2 buckler (worn)
Jewellery
 q - a cursed amulet of inaccuracy {unknown}
 C - an uncursed ring of ice
 W - a ring of magical power (left hand)
Scrolls
 e - a scroll of remove curse {@r2}
 j - 2 scrolls of identify {unknown}
Potions
 h - a potion of invisibility {unknown}
 i - a potion of cancellation {unknown}
 k - 3 potions of lignification {unknown}
 l - 2 potions of resistance {unknown}
 m - a potion of heal wounds {unknown}
Comestibles
 c - 4 chunks of flesh
 f - 4 bread rations {@e1}
 g - 2 fruits {@e2}
 p - 3 royal jellies {@e3}

Dungeon Overview and Level Annotations

Branches:
Dungeon (3/15)

Altars:

Annotations:
D:3 bmj180's ghost, amateur HOFi

###...## ##......##
#.?......# #..≈≈≈...# ##
#..≈≈≈... ....
#..≈≈≈..#.)...
#..≈≈≈..#....).
#.[.8..........
#.....@.>###...
#.....W..# #. .
###.....## #.## ##.. .
##...#...# #..# #....
...#### #.#.#.### #.##..#
.......##.#....## #>...#
......W...###...####.<.##
.......##.........#..#.#
...[... #.###.#.....##.##


You could see bmj180's ghost.


Message History

c - 5 chunks of flesh (gained 3)
You now have 90 gold pieces (gained 13).
Eating one of 5 chunks of flesh.
You eat one of the 5 chunks of flesh.
This raw flesh tastes terrible.
Found a stone staircase leading up.
p - 3 royal jellies {@e3} (gained 1)
m - a bubbling grey potion Bmj180's ghost (amateur Hill Orc Fighter) comes into view.
Bmj180's ghost turns its malevolent gaze towards you.
Found a buckler.
Found a stone staircase leading down.
Found a scale mail.
Found a mace.
Found a scroll of teleportation.
You closely miss bmj180's ghost. You block bmj180's ghost's attack. x2
You hit bmj180's ghost but do no damage.
Bmj180's ghost hits you.
You thump bmj180's ghost!
Bmj180's ghost is lightly damaged.
Bmj180's ghost hits you.
You feel very mighty all of a sudden. Bmj180's ghost hits you!
* * * LOW HITPOINT WARNING * * *
You hit bmj180's ghost.
Bmj180's ghost is lightly damaged.
Bmj180's ghost hits you.
* * * LOW HITPOINT WARNING * * *
You barely miss bmj180's ghost.
Bmj180's ghost is lightly damaged.
You block bmj180's ghost's attack. Bmj180's ghost hits you!
You die...

Skill      XL: |  1  2  3  4 |
---------------+-------------+-----
Shields        | 4 |  4.3
Armour         | 4 |  4.2
Fighting       | 4 |  4.0
Maces & Flails | |  2.0

Action                   |  1- 3 |  4- 6 || total
-------------------------+-------+-------++-------
Melee: Flail             |    92 |    82 ||   174
  Use: Scroll            |       |     6 ||     6
       Potion            |       |     1 ||     1
  Eat: Chunk             |       |     3 ||     3
Armor: Scale mail        |    36 |    26 ||    62
Dodge: Dodged            |    26 |    20 ||    46
Block: Shield            |    63 |    32 ||    95
       Buckler           |       |     7 ||     7

Vault maps used:
D:1:      dpeg_arrival_orchard, lemuel_another_geyser
D:2:      first_bread, minmay_goblin_kobold_house
D:3:      serial_park_tiny_pond

Notes
Turn   | Place    | Note
-------+----------+-------------------------------------------
     0 | D:1      | Jazqa the Gargoyle Fighter began the quest for the Orb.
     0 | D:1      | Reached XP level 1. HP: 14/14 MP: 1/1
    96 | D:1      | Reached XP level 2. HP: 17/19 MP: 2/2
   318 | D:1      | Reached XP level 3. HP: 14/24 MP: 3/3
   649 | D:2      | Reached skill level 4 in Shields
   702 | D:2      | Reached skill level 4 in Armour
   702 | D:2      | Reached XP level 4. HP: 21/29 MP: 4/4
  1074 | D:2      | Reached skill level 4 in Fighting
  1581 | D:3      | Noticed bmj180's ghost (amateur HOFi)
  1597 | D:3      | Mangled by bmj180's ghost

Vanquished Creatures
  A gnoll (D:1)
  2 adders (D:2)
  2 worms (D:2)
  A dart slug (D:3)
  A leopard gecko (D:2)
  A ball python (D:1)
  A giant cockroach (D:1)
  5 goblins
  14 hobgoblins
  3 bats (D:1)
  5 frilled lizards
  9 kobolds
  5 rats
50 creatures vanquished.
